 Dungeon Crawl Stone Soup version 0.31.0-11-ge490571c62 (webtiles) character file.

Game seed: 6798908264825777464

19 qw the Shooter (level 2, -1/16 HPs)
             Began as a Deep Elf Hunter on Feb 3, 2024.
             Slain by a ribbon worm (5 damage)
             ... on level 2 of the Dungeon.
             The game lasted 00:00:01 (580 turns).

qw the Shooter (Deep Elf Hunter)                     Turns: 580, Time: 00:00:02

Health: -1/16      AC:  3    Str:  8    XL:     2   Next: 55%
Magic:  4/4        EV: 12    Int: 13    God:
Gold:   54         SH:  0    Dex: 18    Spells: 1/1 levels left

rFire   . . .        a - +1 shortbow
rCold   . . .        (shield currently unavailable)
rNeg    . . .        c - +0 leather armour
rPois   .            (no helmet)
rElec   .            (no cloak)
rCorr   .            (no gloves)
SInv    .            (no boots)
Will    .....        (no amulet)
Stlth   ++           (no ring)
HPRegen 0.22/turn    (no ring)
MPRegen 0.09/turn

%: no passive effects
@: about to teleport
A: no striking features
a: no special abilities


You were on level 2 of the Dungeon.
You visited 1 branch of the dungeon, and saw 2 of its levels.

You collected 82 gold pieces.
You spent 28 gold pieces at shops.


   Skills:
 - Level 1.5 Fighting
 + Level 6.3 Ranged Weapons
 - Level 2.4 Dodging
 - Level 1.2 Stealth


You had one spell level left.
You didn't know any spells.
Your spell library was empty.

Inventory:

Hand Weapons
 a - a +1 shortbow (weapon)
Armour
 c - a +0 leather armour (worn)
Jewellery
 d - an amulet of magic regeneration
Scrolls
 b - a scroll of immolation {unknown}

Dungeon Overview and Level Annotations

Branches:
Dungeon (2/15)

Altars:

Shops:
D:1 ?(![

Annotations:
D:1 2 transporters


Message History

There is a stone staircase leading down here.
You climb downwards.
Found a scroll labelled GONWOY TESTOT.
There is a stone staircase leading up here.
Waypoint 1 assigned to D:2.
b - a scroll labelled GONWOY TESTOT A kobold comes into view.
It is wielding a +0 short sword.
Found 5 stones.
You shoot an arrow. The arrow hits the kobold.
You kill the kobold!
You now have 54 gold pieces (gained 18).
Things that are here:
a +0 short sword; a kobold corpse
d - an amulet of magic regeneration A ribbon worm comes into view.
Found a grey potion.
You shoot an arrow. The arrow hits the ribbon worm!
The ribbon worm is heavily wounded.
You shoot an arrow.
The arrow barely misses the ribbon worm.
You shoot an arrow.
The arrow barely misses the ribbon worm.
You shoot an arrow. The arrow hits the ribbon worm.
The ribbon worm is heavily wounded.
You shoot an arrow. The arrow hits the ribbon worm.
The ribbon worm is severely wounded.
You shoot an arrow. The arrow hits the ribbon worm.
The ribbon worm is almost dead.
The ribbon worm bites you!
You shoot an arrow.
The arrow hits the ribbon worm but does no damage.
The ribbon worm is almost dead.
The ribbon worm bites you.
579 ||| READING scroll of teleportation.
As you read the scroll of teleportation, it crumbles to dust.
You feel strangely unstable.
You shoot an arrow.
The arrow barely misses the ribbon worm.
The ribbon worm bites you.
You die...

...####.####....#
........## #....#
...##....###....#
#.#......###
#.#.###....#
#.#.# ##.#)## #
#.# #.#..### #.#
#.##...# ...
..###@.# .(.
.##.w.## ..
#.#..### #.!.#
...## ##


You could see a ribbon worm.

Vanquished Creatures
  2 ball pythons (D:1)
  A bat (D:1)
  An endoplasm (D:1)
  A goblin (D:1)
  3 hobgoblins (D:1)
  2 jackals (D:1)
  4 kobolds
  A quokka (D:1)
  A rat (D:1)
16 creatures vanquished.

Notes
Turn   | Place    | Note
-------+----------+-------------------------------------------
     0 | D:1      | qw the Deep Elf Hunter began the quest for the Orb.
     0 | D:1      | Reached XP level 1. HP: 12/12 MP: 3/3
     0 | D:1      | 0 ||| qw: Version: 0.3-a-158-g18b3111
     0 | D:1      | 0 ||| qw: Game counter: 4201
     0 | D:1      | 0 ||| qw: Melee chars always use a shield: true
     0 | D:1      | 0 ||| qw: God list: Okawaru
     0 | D:1      | 0 ||| qw: Allow faded altars: false
     0 | D:1      | 0 ||| qw: Do Orc after clearing Dungeon:15 true
     0 | D:1      | 0 ||| qw: Do second Lair branch before Depths: true
     0 | D:1      | 0 ||| qw: Lair rune preference: random
     0 | D:1      | 0 ||| qw: Goals: Normal
     0 | D:1      | 0 ||| PLANNING D:1-11
   148 | D:1      | Reached XP level 2. HP: 16/16 MP: 4/4
   195 | D:1      | Reached skill level 6 in Ranged Weapons
   291 | D:1      | Found Dashri's Distillery.
   304 | D:1      | 304 ||| SHOPLISTING potion of mutation (96 gold, have 52).
   361 | D:1      | Found Sackif's Antique Armour Emporium.
   369 | D:1      | 369 ||| SHOPLISTING bloodstained robe (119 gold, have 64).
   369 | D:1      | 369 ||| SHOPLISTING helmet (94 gold, have 64).
   369 | D:1      | 369 ||| SHOPLISTING ring mail (84 gold, have 64).
   428 | D:1      | Found a transporter.
   431 | D:1      | Found Paecvec's Weapon Emporium.
   463 | D:1      | Found a transporter.
   483 | D:1      | Found Ufu Qujum's Magic Scroll Emporium.
   487 | D:1      | 487 ||| SHOPLISTING 2 scrolls of teleportation (84 gold,
                  | have 64).
   487 | D:1      | 487 ||| SHOPLISTING scroll of enchant armour (105 gold,
                  | have 64).
   487 | D:1      | 487 ||| BUYING scroll of identify (28 gold).
   487 | D:1      | Bought a scroll of identify for 28 gold pieces
   487 | D:1      | 487 ||| READING scroll labelled BEANKU BUGRIE.
   487 | D:1      | 487 ||| ENCHANTING +0 shortbow.
   488 | D:1      | 488 ||| READING scroll of identify.
   488 | D:1      | 488 ||| IDENTIFYING 2 inky potions
   489 | D:1      | 489 ||| READING 2 scrolls labelled BUGYH YDEYKIM.
   493 | D:1      | 493 ||| READING scroll labelled AHAHIE DEIHUR.
   494 | D:1      | 494 ||| READING scroll labelled BOOXUFFIAQOK.
   522 | D:1      | 522 ||| READING scroll labelled PIOHEH QINI.
   523 | D:1      | 523 ||| DROPPING scroll of butterflies.
   524 | D:1      | 524 ||| DROPPING 2 potions of magic.
   578 | D:2      | HP: 3/16 [ribbon worm (6)]
   579 | D:2      | 579 ||| READING scroll of teleportation.
   580 | D:2      | Slain by a ribbon worm

Levels and vault maps discovered:
D:1:      psy_arrival_fountain, layout_rooms, serial_shops,
          nicolae_shop_drivethru, nicolae_shop_back_alley_shop,
          nicolae_shop_advertising_works [nicolae_subvault_shop_adworks],
          nicolae_shop_just_a_little_nook
D:2:      minmay_spotlight, layout_rooms, ebering_ecumenical_altar_abandoned,
          minmay_misc_feat_five

Skill      XL: |  1  2 |
---------------+-------+-----
Ranged Weapons | 6 |  6.3
Fighting       | |  1.5
Dodging        | |  2.4
Stealth        | |  1.2

Action                     || total
---------------------------++-------
   Fire: Shortbow          ||    45
    Use: Scroll            ||     7
 Armour: Leather armour    ||     4
  Dodge: Dodged            ||     3

Table legend:
 A = Non-vault XP
 B = Vault XP
 C = Vault XP percentage of total XP
 D = Non-vault monster count
 E = Vault monster count
 F = Vault count percentage of total count
                 A         B        C        D         E       F
            +---------+---------+-------+---------+---------+-------
      Total |      28 |       0 |   0.0 |      16 |       0 |   0.0
            +---------+---------+-------+---------+---------+-------
        D:1 |      26 |       0 |   0.0 |      15 |       0 |   0.0
        D:2 |       2 |       0 |   0.0 |       1 |       0 |   0.0
            +---------+---------+-------+---------+---------+-------
